[Event "Titled Tuesday Blitz May 16 Late 2023"]
[White "Skaric, Djuro"]
[Black "Sailer, Mike"]
[WhiteFideId "934569"]
[BlackFideId "2012901"]
[WhiteElo "2282"]
[BlackElo "2109"]
[Result "1-0"]
[Round "04"]
[TimeControl "180+2"]
[Date "2023.05.16"]
[WhiteClock "0:01:37"]
[BlackClock "0:00:00"]

1. g3 d5 2. Bg2 Nf6 3. d3 Bf5 4. Nf3 e6 5. O-O Be7 6. Nc3 O-O 7. h3 h6 8. g4 Bh7 9. Ne5 c5 10. f4 Nbd7 11. Nxd7 Qxd7 12. e4 d4 13. Ne2 b5 14. Ng3 c4 15. Bd2 a5 16. g5 hxg5 17. fxg5 Ne8 18. Qg4 cxd3 19. cxd3 Rc8 20. Rac1 Bb4 21. Bf4 Nd6 22. Nh5 Rxc1 23. Rxc1 Rc8 24. a3 Rxc1+ 25. Bxc1 Qc8 26. Qd1 Bc5 27. Nf4 Nb7 28. h4 Be7 29. Bh3 Nd8 30. Bd2 b4 31. axb4 Bxb4 32. g6 Bxg6 33. Nxg6 fxg6 34. Bg5 Nf7 35. Bf4 Qc6 36. Qb3 Nd8 37. Bg5 Nf7 38. Bxe6 1-0


[Site "https://www.chess.com"]

[Event "Titled Tuesday Blitz May 16 Late 2023"]
[White "KSho99"]
[Black "Ingunza Curro, Andres"]
[BlackFideId "24526371"]
[WhiteElo "2149"]
[BlackElo "2247"]
[Result "0-1"]
[Round "04"]
[TimeControl "180+2"]
[Date "2023.05.16"]
[WhiteClock "0:00:00"]
[BlackClock "0:01:26"]

1. Nf3 Nf6 2. b3 g6 3. Bb2 Bg7 4. d4 O-O 5. e3 d6 6. Nbd2 Nc6 7. Be2 e5 8. dxe5 Ng4 9. Rb1 Ngxe5 10. Nxe5 Nxe5 11. c4 Bf5 12. e4 Be6 13. O-O a5 14. f4 Nc6 15. Bxg7 Kxg7 16. f5 Bd7 17. f6+ Kg8 18. Bg4 Bxg4 19. Qxg4 Re8 20. Qg5 Re5 21. Qh6 Qf8 22. Qh4 Rae8 23. Rbe1 Rh5 24. Qf4 Ne5 25. Re3 Qh6 26. Qxh6 Rxh6 27. h3 Rh5 28. g4 Rg5 29. Kh2 h5 30. gxh5 Rxh5 31. Kg3 Re6 32. Rf4 g5 33. Rf5 b6 34. Nf3 Nxf3 35. Rfxf3 Rh6 36. Rf5 Rhxf6 37. Rxg5+ Kf8 38. h4 Rf1 39. Kg4 Rg1+ 40. Kh5 Ra1 41. a4 Rf1 0-1


[Site "https://www.chess.com"]

[Event "Titled Tuesday Blitz May 16 Late 2023"]
[White "Torres Dominguez, David"]
[Black "Alexikov, Alexander"]
[WhiteFideId "2220857"]
[BlackFideId "14103958"]
[WhiteElo "1999"]
[BlackElo "2186"]
[Result "1-0"]
[Round "04"]
[TimeControl "180+2"]
[Date "2023.05.16"]
[WhiteClock "0:00:05"]
[BlackClock "0:00:00"]

1. e4 c5 2. Nc3 Nc6 3. Bb5 g6 4. Bxc6 dxc6 5. d3 Bg7 6. f4 e5 7. Nf3 Bg4 8. fxe5 Bxe5 9. O-O Qd6 10. h3 Bxf3 11. Qxf3 f6 12. Bf4 Bxf4 13. Qxf4 Qxf4 14. Rxf4 h5 15. Raf1 Rd8 16. b3 Rh7 17. Nd1 Re7 18. a4 b6 19. R4f3 Re6 20. Ne3 Kf7 21. Nc4 Kg7 22. Kh2 h4 23. g4 hxg3+ 24. Kxg3 Ne7 25. Ne3 Rh8 26. Ng4 Ng8 27. Kg2 Rh5 28. Rg3 Ne7 29. Ne3 Kf7 30. Rg1 b5 31. Ra1 a6 32. axb5 cxb5 33. Rf3 Kg7 34. Kf2 Rd6 35. Rg1 Re6 36. Nf5+ Kf7 37. Nxe7 Rxe7 38. Ra1 Re6 39. e5 Rhxe5 40. Kg3 Re2 41. c4 bxc4 42. dxc4 Rb2 43. Ra3 g5 44. h4 Kg6 45. hxg5 Kxg5 46. Kh3 f5 47. Ra5 Ree2 48. Rf1 Rh2+ 49. Kg3 f4+ 50. Kf3 Rh3+ 51. Ke4 Re3+ 52. Kd5 Rbxb3 53. Rxc5 f3 54. Kc6+ Kf4 55. Kc7 1-0


[Site "https://www.chess.com"]

[Event "Titled Tuesday Blitz May 16 Late 2023"]
[White "Einarsson, Halldor Gretar"]
[Black "Martinez, Ayelen"]
[WhiteFideId "2300150"]
[BlackFideId "118702"]
[WhiteElo "2110"]
[BlackElo "2125"]
[Result "0-1"]
[Round "04"]
[TimeControl "180+2"]
[Date "2023.05.16"]
[WhiteClock "0:00:19"]
[BlackClock "0:01:48"]

1. d4 Nf6 2. c4 g6 3. f3 Bg7 4. e4 O-O 5. Nc3 d6 6. Be3 e5 7. Nge2 Nc6 8. d5 Ne7 9. Qd2 Nd7 10. O-O-O f5 11. Bh6 f4 12. Bxg7 Kxg7 13. h4 a5 14. h5 g5 15. g3 a4 16. Bh3 Nc5 17. gxf4 gxf4 18. Rdg1+ Kh8 19. Kb1 a3 20. b3 Bxh3 21. Rxh3 Qd7 22. Rh4 Rg8 23. Rhg4 Rxg4 24. Rxg4 Rg8 25. Rxg8+ Nxg8 26. Nxf4 exf4 27. Qxf4 Qg7 28. Kc2 Qg2+ 29. Qd2 Qxf3 30. b4 Nxe4 31. Qd4+ Ngf6 32. c5 Qxc3+ 33. Qxc3 Nxc3 0-1


[Site "https://www.chess.com"]

[Event "Titled Tuesday Blitz May 16 Late 2023"]
[White "Levine, David"]
[Black "Fajdetic, Hrvoje"]
[WhiteFideId "2011611"]
[BlackFideId "14501945"]
[WhiteElo "2057"]
[BlackElo "2185"]
[Result "1-0"]
[Round "04"]
[TimeControl "180+2"]
[Date "2023.05.16"]
[WhiteClock "0:00:10"]
[BlackClock "0:00:00"]

1. d4 d5 2. c4 e6 3. g3 f5 4. Bg2 c6 5. Qc2 Nf6 6. Nh3 Be7 7. O-O O-O 8. Nf4 Na6 9. a3 Nc7 10. Nd2 a5 11. b3 Ne4 12. Nf3 Qe8 13. Nd3 Qh5 14. Nfe5 g5 15. f3 Nd6 16. Be3 Nf7 17. Bf2 Nxe5 18. Nxe5 f4 19. e4 fxe3 20. Bxe3 Ne8 21. f4 Nd6 22. fxg5 Rxf1+ 23. Rxf1 Bxg5 24. Bxg5 Qxg5 25. c5 Nf5 26. Rf4 Nxd4 27. Qf2 Nf5 28. Rg4 Qxg4 29. Nxg4 b6 30. Ne5 bxc5 31. g4 1-0


[Site "https://www.chess.com"]

[Event "Titled Tuesday Blitz May 16 Late 2023"]
[White "Kujawski, Adam"]
[Black "Castillo Pena, Patricia Evarista"]
[WhiteFideId "1100920"]
[BlackFideId "6412106"]
[WhiteElo "2054"]
[BlackElo "1919"]
[Result "1-0"]
[Round "04"]
[TimeControl "180+2"]
[Date "2023.05.16"]
[WhiteClock "0:00:29"]
[BlackClock "0:00:00"]

1. e4 c5 2. Nf3 d6 3. d4 cxd4 4. Nxd4 Nf6 5. Nc3 a6 6. Bg5 e6 7. f4 h6 8. Bh4 Qb6 9. Qd3 Qxb2 10. Rb1 Qa3 11. f5 Be7 12. fxe6 fxe6 13. Be2 O-O 14. O-O Qc5 15. Kh1 e5 16. Nf5 Bxf5 17. Rxf5 Nc6 18. Bf2 Qa5 19. Rxb7 Rae8 20. Be1 Qc5 21. Rf1 Nd4 22. Bd1 Qc6 23. Rb1 d5 24. Nxd5 Nxd5 25. exd5 Qxd5 26. c3 Qd8 27. Rxf8+ Rxf8 28. cxd4 Qxd4 29. Bb3+ Kh8 30. Qxd4 Rf1+ 31. Qg1 Rxg1+ 32. Kxg1 1-0


[Site "https://www.chess.com"]

[Event "Titled Tuesday Blitz May 16 Late 2023"]
[White "Joubert, Dantelle"]
[Black "Vifleemskaia, Svetlana"]
[WhiteFideId "14310813"]
[BlackFideId "4129490"]
[WhiteElo "1507"]
[BlackElo "1930"]
[Result "0-1"]
[Round "04"]
[TimeControl "180+2"]
[Date "2023.05.16"]
[WhiteClock "0:00:00"]
[BlackClock "0:01:06"]

1. d4 Nf6 2. c4 e6 3. Nc3 Bb4 4. e3 O-O 5. Ne2 Ne4 6. Qc2 f5 7. a3 Bxc3+ 8. Nxc3 Nxc3 9. Qxc3 b6 10. Be2 Bb7 11. O-O Qg5 12. e4 f4 13. f3 d6 14. Bd2 Nd7 15. c5 bxc5 16. Bb5 c6 17. Ba4 cxd4 18. Qxd4 Qc5 19. Bc3 e5 20. Bb3+ Kh8 21. Qf2 Qxf2+ 22. Kxf2 Nc5 23. Bc2 Ba6 24. Rfd1 Rfd8 25. Bb4 Kg8 26. Bxc5 dxc5 27. Rac1 c4 28. Ba4 Bb5 29. Bc2 Kf7 30. a4 Ba6 31. b3 Ke7 32. bxc4 Bxc4 33. Rxd8 Rxd8 34. Bb1 Rd4 35. Ke1 Kd6 36. Bc2 Kc5 37. Rb1 Rd7 38. Rb8 Kd4 39. Kd2 Bf1 40. Bb3 Bxg2 0-1


[Site "https://www.chess.com"]

[Event "Titled Tuesday Blitz May 16 Late 2023"]
[White "Smiechu"]
[Black "Vargas, Mauricio"]
[BlackFideId "4404572"]
[WhiteElo "2282"]
[BlackElo "1986"]
[Result "1-0"]
[Round "04"]
[TimeControl "180+2"]
[Date "2023.05.16"]
[WhiteClock "0:01:44"]
[BlackClock "0:00:02"]

1. e4 c5 2. Nf3 Nc6 3. d4 cxd4 4. Nxd4 d6 5. Nc3 g6 6. Be3 Bg7 7. f3 Nf6 8. Qd2 O-O 9. Bc4 Bd7 10. h4 Rc8 11. Bb3 Ne5 12. h5 Nc4 13. Bxc4 Rxc4 14. hxg6 fxg6 15. Bh6 Rxc3 16. Qxc3 Nh5 17. Bxg7 Nxg7 18. O-O-O Qb6 19. Qc4+ e6 20. Qb3 Qc7 21. Nb5 Qc5 22. Nxd6 Bc6 23. Kb1 a5 24. Qc4 Qb6 25. e5 a4 26. Ne4 a3 27. Qb3 Bd5 28. Qxb6 axb2 29. Nf6+ Kh8 30. Rxh7# 1-0


[Site "https://www.chess.com"]

[Event "Titled Tuesday Blitz May 16 Late 2023"]
[White "Durarbayli, Vasif"]
[Black "Caruana, Fabiano"]
[WhiteFideId "13402935"]
[BlackFideId "2020009"]
[WhiteElo "2551"]
[BlackElo "2837"]
[Result "1/2-1/2"]
[Round "05"]
[TimeControl "180+2"]
[Date "2023.05.16"]
[WhiteClock "0:00:04"]
[BlackClock "0:00:05"]

1. e4 e5 2. Nc3 Nc6 3. f4 exf4 4. d4 Qh4+ 5. Ke2 d6 6. Nf3 Bg4 7. Bxf4 O-O-O 8. Ke3 Qe7 9. Nd5 Qe8 10. Bd3 f5 11. Re1 fxe4 12. Bxe4 Nge7 13. Kf2 Qf7 14. Ng5 Qh5 15. Nxe7+ Nxe7 16. Bf3 Bxf3 17. Qxf3 Qxf3+ 18. Kxf3 Re8 19. Nf7 Rg8 20. Bxd6 cxd6 21. Nxd6+ Kd7 22. Nxe8 Kxe8 23. c4 Kd7 24. d5 Ng6 25. g3 Bd6 26. Rac1 b6 27. a3 a5 28. Kg2 a4 29. Re4 Bc5 30. Rf1 Rf8 31. Rxf8 Nxf8 32. Kf3 Ng6 33. Ke2 Ne7 34. Kd3 Nf5 35. Rf4 Nd6 36. Rg4 g6 37. Rh4 h5 38. Rf4 Nf5 39. g4 hxg4 40. Rxg4 Ne7 41. h3 Bd6 42. Re4 Bc7 43. Re6 Bd6 44. Kc3 Kc7 45. b4 axb3 46. Kxb3 Kd7 47. a4 g5 48. Kc3 Kc7 49. Kd3 Kd7 50. Ke4 Bc5 51. Rh6 Nc8 52. Rg6 Be7 53. Kd3 Nd6 54. Kd4 Nf5+ 55. Kd3 Nd6 56. Rg7 Nf5 57. Rg6 Nd6 1/2-1/2


[Site "https://www.chess.com"]

[Event "Titled Tuesday Blitz May 16 Late 2023"]
[White "Xiong, Jeffery"]
[Black "Deac, Bogdan-Daniel"]
[WhiteFideId "2047640"]
[BlackFideId "1226380"]
[WhiteElo "2726"]
[BlackElo "2649"]
[Result "1/2-1/2"]
[Round "05"]
[TimeControl "180+2"]
[Date "2023.05.16"]
[WhiteClock "0:02:44"]
[BlackClock "0:01:34"]

1. e4 e5 2. Nf3 Nf6 3. Nc3 Nc6 4. d4 exd4 5. Nxd4 Bb4 6. Nxc6 bxc6 7. Bd3 O-O 8. O-O d5 9. exd5 Bg4 10. f3 Bh5 11. dxc6 Qd4+ 12. Kh1 Bxc3 13. bxc3 Qxc3 14. Rb1 Bg6 15. Rb3 Qxc6 16. Bb2 Rab8 17. Qa1 Rxb3 18. axb3 Bxd3 19. cxd3 Qb6 20. Bxf6 gxf6 21. Rc1 Rd8 22. Qc3 c5 23. h3 Kg7 24. Qxc5 Qxc5 25. Rxc5 Rxd3 26. Ra5 Rxb3 27. Rxa7 f5 1/2-1/2


[Site "https://www.chess.com"]

[Event "Titled Tuesday Blitz May 16 Late 2023"]
[White "Andreikin, Dmitry"]
[Black "Iturrizaga Bonelli, Eduardo"]
[WhiteFideId "4158814"]
[BlackFideId "3901211"]
[WhiteElo "2736"]
[BlackElo "2637"]
[Result "1-0"]
[Round "05"]
[TimeControl "180+2"]
[Date "2023.05.16"]
[WhiteClock "0:01:24"]
[BlackClock "0:00:00"]

1. Nf3 Nf6 2. c4 c5 3. Nc3 g6 4. e4 Nc6 5. d4 cxd4 6. Nxd4 d6 7. f3 Nxd4 8. Qxd4 Bg7 9. c5 O-O 10. cxd6 Ne8 11. Qf2 Nxd6 12. Be2 Be6 13. O-O Qa5 14. Be3 Nc4 15. Bxc4 Bxc4 16. Rfd1 Rfd8 17. Bd4 Bxd4 18. Rxd4 Rxd4 19. Qxd4 Be6 20. Rd1 Rc8 21. a3 b6 22. h4 Qh5 23. Qf2 Qe5 24. Qd4 Qh5 25. Qf2 Qe5 26. Rd2 Kg7 27. Qd4 Qxd4+ 28. Rxd4 Rc5 29. Kf2 h6 30. g3 g5 31. hxg5 hxg5 32. Ke3 f6 33. f4 gxf4+ 34. gxf4 Kf7 35. f5 Bc8 36. Rd8 e6 37. fxe6+ Bxe6 38. Ra8 Ra5 39. Kd4 Ke7 40. a4 Bb3 41. Rh8 Ke6 42. Rh7 Bxa4 43. b4 Ra6 44. Nd5 Kd6 45. Nc7 1-0


[Site "https://www.chess.com"]

[Event "Titled Tuesday Blitz May 16 Late 2023"]
[White "Pakleza, Zbigniew"]
[Black "Bortnyk, Olexandr"]
[WhiteFideId "1119290"]
[BlackFideId "14120828"]
[WhiteElo "2410"]
[BlackElo "2734"]
[Result "0-1"]
[Round "05"]
[TimeControl "180+2"]
[Date "2023.05.16"]
[WhiteClock "0:00:00"]
[BlackClock "0:00:17"]

1. d4 d6 2. Nf3 Nf6 3. Bf4 g6 4. e3 Bg7 5. h3 Nfd7 6. Be2 e5 7. Bh2 Nc6 8. O-O O-O 9. c4 exd4 10. exd4 Re8 11. Nc3 Nf6 12. d5 Ne7 13. Re1 a6 14. Rc1 Bf5 15. Nd4 Bd7 16. b4 Nf5 17. Nb3 Ne4 18. Nxe4 Rxe4 19. Bd3 Rxe1+ 20. Qxe1 Qg5 21. Qd2 Qxd2 22. Nxd2 Re8 23. Kf1 Bb2 24. Rb1 Bg7 25. Bf4 Kf8 26. c5 Be5 27. Bxe5 Rxe5 28. Bc4 Bb5 29. a4 Bxc4+ 30. Nxc4 Rxd5 31. cxd6 Nxd6 32. Rc1 Rd4 33. Nxd6 cxd6 34. b5 Rxa4 35. Rc7 axb5 36. Rxb7 Rb4 37. g4 h5 38. f3 h4 39. Ke2 g5 40. Ke3 Ke8 41. Ra7 Rc4 42. Rb7 b4 43. Kd3 Rf4 44. Ke3 f6 45. Ke2 Kd8 46. Rh7 Kc8 47. Ke3 b3 48. Rh8+ Kc7 0-1


[Site "https://www.chess.com"]

[Event "Titled Tuesday Blitz May 16 Late 2023"]
[White "Makarian, Rudik"]
[Black "Hayrapetyan, Hovik"]
[WhiteFideId "44105681"]
[BlackFideId "13302639"]
[WhiteElo "2461"]
[BlackElo "2348"]
[Result "1-0"]
[Round "05"]
[TimeControl "180+2"]
[Date "2023.05.16"]
[WhiteClock "0:00:29"]
[BlackClock "0:00:00"]

1. d4 Nf6 2. c4 e6 3. Nf3 d5 4. g3 Be7 5. Bg2 O-O 6. Nc3 dxc4 7. Ne5 Nc6 8. Bxc6 bxc6 9. Nxc6 Qe8 10. Nxe7+ Qxe7 11. Qa4 c5 12. dxc5 Qxc5 13. Be3 Qc7 14. Qa3 Bb7 15. f3 a6 16. Qc5 Qxc5 17. Bxc5 Rfc8 18. Bd4 Nd5 19. Nxd5 exd5 20. g4 a5 21. Kf2 a4 22. a3 Bc6 23. h4 Re8 24. g5 Bd7 25. h5 Bf5 26. Rad1 Rab8 27. h6 gxh6 28. gxh6 Bg6 29. Bc3 Rb5 30. Rh4 f5 31. Rhd4 Bf7 32. Rg1+ Bg6 33. Rgd1 Bf7 34. R1d2 Re6 35. Rh4 Rg6 36. Rd1 Be6 37. Ke3 Kf7 38. Kf4 Rg2 39. e3 Rb8 40. Rhh1 Rbg8 41. Bg7 Ke7 42. Rhg1 Rxg1 43. Rxg1 Kd6 44. Be5+ Ke7 45. Bg7 Kd6 46. Kg5 Ke7 47. Rd1 Kf7 48. Kf4 Rb8 49. Rg1 Rg8 50. Ke5 Ke7 51. Bf6+ Kd7 52. Rg7+ Rxg7 53. hxg7 h5 54. f4 h4 55. Bxh4 Bg8 56. Kxf5 Kd6 57. Kf6 Bh7 58. Kf7 1-0


[Site "https://www.chess.com"]

[Event "Titled Tuesday Blitz May 16 Late 2023"]
[White "Klukin, Kirill"]
[Black "Pichot, Alan"]
[WhiteFideId "24199273"]
[BlackFideId "110973"]
[WhiteElo "2344"]
[BlackElo "2573"]
[Result "1/2-1/2"]
[Round "05"]
[TimeControl "180+2"]
[Date "2023.05.16"]
[WhiteClock "0:01:21"]
[BlackClock "0:00:13"]

1. d4 Nf6 2. Nf3 d5 3. c4 e6 4. Nc3 Bb4 5. Bd2 O-O 6. e3 b6 7. cxd5 exd5 8. Bd3 Re8 9. Rc1 Bf8 10. Ne5 c5 11. O-O Bb7 12. f4 Nc6 13. Ne2 Ne4 14. Bxe4 dxe4 15. Nxc6 Bxc6 16. Bc3 Bb5 17. Rf2 Bd3 18. dxc5 Bxc5 19. Nd4 Qd7 20. f5 Bxd4 21. Bxd4 f6 22. h3 Rac8 23. Rc3 Rxc3 24. Bxc3 Qf7 25. a3 Rd8 26. Qg4 Rd5 27. Qg3 h6 28. Qb8+ Kh7 29. Rf4 Qd7 30. Kh2 Rxf5 31. Rxf5 Qxf5 32. Qxa7 Qf2 33. Qc7 b5 34. Qg3 Qxg3+ 35. Kxg3 Kg6 1/2-1/2


[Site "https://www.chess.com"]

[Event "Titled Tuesday Blitz May 16 Late 2023"]
[White "Volkov, Maksim"]
[Black "Babazada, Khazar"]
[WhiteFideId "54123070"]
[BlackFideId "13413554"]
[WhiteElo "2297"]
[BlackElo "2351"]
[Result "1-0"]
[Round "05"]
[TimeControl "180+2"]
[Date "2023.05.16"]
[WhiteClock "0:00:10"]
[BlackClock "0:00:06"]

1. d4 Nf6 2. c4 g6 3. g3 Bg7 4. Bg2 O-O 5. Nc3 d6 6. Nf3 Nbd7 7. O-O a6 8. Re1 e5 9. e4 exd4 10. Nxd4 Re8 11. h3 Rb8 12. a4 Ne5 13. b3 c5 14. Nde2 Bxh3 15. Bxh3 Nf3+ 16. Kg2 Nxe1+ 17. Qxe1 Nxe4 18. Nxe4 Rxe4 19. Ra2 d5 20. Bf4 Ra8 21. Qb1 Re8 22. cxd5 Qxd5+ 23. Kg1 Rad8 24. Rd2 Qh5 25. Rxd8 Rxd8 26. Bf1 b5 27. axb5 axb5 28. Be3 c4 29. Nf4 Qf3 30. bxc4 bxc4 31. Be2 Qc6 32. Qb6 Qa8 33. Bxc4 Rd1+ 34. Bf1 h5 35. Qb3 Ra1 36. Qc4 Kh7 37. Kh2 Qe8 38. Bg2 Qe5 39. Qxf7 Ra6 40. Qb7 Rf6 41. Be4 h4 42. Qd5 hxg3+ 43. fxg3 Qxd5 44. Bxd5 Ra6 45. Be4 Bh6 46. Kh3 Kg7 47. Bd4+ Kh7 48. Nxg6 Rxg6 49. Kh4 Bg7 50. Ba7 Bf6+ 51. Kh5 Kg7 52. Bxg6 Be5 53. g4 Bf6 54. Bf5 Be5 55. g5 Bc3 56. Be3 Be5 57. g6 Bf6 58. Bh6+ Kg8 59. Be6+ Kh8 60. Bf8 Be5 61. Kg5 Bd4 62. Kf5 Bg7 63. Bxg7+ Kxg7 64. Kg5 Kh8 65. Bg4 1-0


[Site "https://www.chess.com"]

[Event "Titled Tuesday Blitz May 16 Late 2023"]
[White "Bluebaum, Matthias"]
[Black "Jaracz, Pawel"]
[WhiteFideId "24651516"]
[BlackFideId "1102222"]
[WhiteElo "2639"]
[BlackElo "2438"]
[Result "1-0"]
[Round "05"]
[TimeControl "180+2"]
[Date "2023.05.16"]
[WhiteClock "0:00:19"]
[BlackClock "0:00:00"]

1. d4 Nf6 2. c4 c6 3. Nf3 d5 4. Nc3 a6 5. Qc2 e6 6. e4 dxe4 7. Nxe4 Nxe4 8. Qxe4 Nd7 9. Bd3 Bb4+ 10. Bd2 Nf6 11. Qe3 Bxd2+ 12. Qxd2 O-O 13. O-O b6 14. Rad1 Bb7 15. Qf4 Qb8 16. Qh4 h6 17. c5 a5 18. b3 Ba6 19. Bxa6 Rxa6 20. Rd3 Rd8 21. Ne5 bxc5 22. Rg3 Kf8 23. Ng4 Ng8 24. dxc5 a4 25. h3 Rd4 26. Qh5 Rd5 27. Qh4 axb3 28. Rxb3 Qd8 29. Qg3 Ra8 30. Re1 Ne7 31. Ne5 Nf5 32. Qc3 Ne7 33. Qf3 f6 34. Rb7 Kg8 35. Nc4 e5 36. Nb6 Rxa2 37. Nxd5 Nxd5 38. Qg4 Qf8 39. Qe6+ Kh7 40. Qxc6 Nf4 41. Qe4+ Kh8 42. Reb1 1-0


[Site "https://www.chess.com"]

[Event "Titled Tuesday Blitz May 16 Late 2023"]
[White "Milikow, Yoav"]
[Black "Grigoriants, Sergey"]
[WhiteFideId "2822237"]
[BlackFideId "4130804"]
[WhiteElo "2410"]
[BlackElo "2502"]
[Result "1-0"]
[Round "05"]
[TimeControl "180+2"]
[Date "2023.05.16"]
[WhiteClock "0:00:12"]
[BlackClock "0:00:02"]

1. d4 Nf6 2. c4 e6 3. Nc3 Bb4 4. Qc2 d5 5. a3 Bxc3+ 6. Qxc3 O-O 7. Nf3 b6 8. cxd5 exd5 9. Bg5 Ba6 10. Rc1 h6 11. Bh4 Nbd7 12. Ne5 g5 13. Nc6 Qe8 14. Bg3 Qe6 15. h4 Ne4 16. Qe3 Rae8 17. hxg5 hxg5 18. Be5 f6 19. Bxc7 Rc8 20. Nb4 Bc4 21. f3 Rxc7 22. fxe4 Rfc8 23. e5 Bb5 24. Rxc7 Rxc7 25. Qf3 Nf8 26. Nxd5 Rc1+ 27. Kf2 Bc6 28. Nxf6+ Kg7 29. Qd3 Ng6 30. Rh7+ Kf8 31. Qxg6 1-0


[Site "https://www.chess.com"]

[Event "Titled Tuesday Blitz May 16 Late 2023"]
[White "Sieciechowicz, Marcin"]
[Black "Mekhitarian, Krikor Sevag"]
[WhiteFideId "1130170"]
[BlackFideId "2107660"]
[WhiteElo "2302"]
[BlackElo "2604"]
[Result "1-0"]
[Round "05"]
[TimeControl "180+2"]
[Date "2023.05.16"]
[WhiteClock "0:00:04"]
[BlackClock "0:00:00"]

1. d4 d5 2. c4 c6 3. Nf3 Nf6 4. Nc3 e6 5. Bg5 h6 6. Bh4 Be7 7. e3 O-O 8. Rc1 Ne4 9. Bxe7 Qxe7 10. Bd3 Nxc3 11. Rxc3 dxc4 12. Bxc4 Nd7 13. O-O b6 14. Bd3 c5 15. Qc2 Bb7 16. Bh7+ Kh8 17. Be4 Bxe4 18. Qxe4 cxd4 19. Nxd4 Nc5 20. Qc2 a5 21. Nb3 Nxb3 22. Qxb3 Rac8 23. Qxb6 Rxc3 24. bxc3 Qa3 25. Qb3 Qc5 26. h3 Rc8 27. Rc1 h5 28. c4 Kg8 29. Qd3 g6 30. Rc2 Kf8 31. Qd4 Ke7 32. Kf1 e5 33. Qxc5+ Rxc5 34. Ke2 e4 35. g3 h4 36. g4 Ke6 37. Kd2 f5 38. gxf5+ Rxf5 39. Kc3 Rf3 40. Kd4 Rxh3 41. c5 Kd7 42. Kxe4 Kc6 43. Kf4 Rh1 44. Kg4 h3 45. Kg3 g5 46. Kg4 a4 47. a3 h2 48. Kg3 g4 49. Kg2 Ra1 50. Kxh2 Rxa3 51. Kg3 Rb3 52. Kxg4 a3 53. Rc1 Rb2 54. f4 a2 55. Ra1 Kxc5 56. Kf5 Kb4 57. e4 Kb3 58. e5 Rb1 59. Rxa2 Kxa2 60. Ke6 Rb6+ 61. Kf7 Kb3 62. e6 Kc4 63. e7 Rb7 64. f5 Kd5 65. f6 Kd6 66. Kf8 Rb8+ 67. e8=Q 1-0


[Site "https://www.chess.com"]

[Event "Titled Tuesday Blitz May 16 Late 2023"]
[White "Sviridov, Valery"]
[Black "Tanenbaum, Zachary"]
[WhiteFideId "4120680"]
[BlackFideId "2060850"]
[WhiteElo "2457"]
[BlackElo "2175"]
[Result "1-0"]
[Round "05"]
[TimeControl "180+2"]
[Date "2023.05.16"]
[WhiteClock "0:01:14"]
[BlackClock "0:00:06"]

1. d4 d5 2. Nf3 Nf6 3. c4 dxc4 4. e3 Bg4 5. Bxc4 e6 6. Nc3 Nc6 7. O-O Bd6 8. Be2 O-O 9. b3 Qe7 10. Bb2 Rfd8 11. h3 Bh5 12. Rc1 Ba3 13. Bxa3 Qxa3 14. Nd2 Bxe2 15. Qxe2 Qe7 16. Qb5 Rab8 17. Nf3 a6 18. Qc4 Nd5 19. Rfd1 Nxc3 20. Qxc3 Rd7 21. Rd2 Rbd8 22. Rcd1 h6 23. e4 Qb4 24. Qe3 Qb5 25. g3 Qh5 26. Kg2 Rd6 27. Rc1 Qa5 28. Rc5 Qb4 29. Rc4 Qa5 30. h4 Qh5 31. Rc5 Qg4 32. h5 f5 33. exf5 exf5 34. d5 Nb4 35. Rd4 f4 36. Rxf4 Qxh5 37. Rxb4 Rxd5 38. Rxd5 Rxd5 39. Rxb7 Rd7 40. Rb4 Rf7 41. Rf4 Rd7 42. Qe5 Qg6 43. Qf5 Qc6 44. Qe4 Qd6 45. Qc4+ Kh7 46. Rd4 Qe7 47. Rxd7 Qxd7 48. Qxa6 Qd5 49. Qc4 Qd6 50. a4 1-0


[Site "https://www.chess.com"]

[Event "Titled Tuesday Blitz May 16 Late 2023"]
[White "Matinian, Nikita"]
[Black "Bordi, Kevin"]
[WhiteFideId "24129100"]
[BlackFideId "621862"]
[WhiteElo "2422"]
[BlackElo "2814"]
[Result "1-0"]
[Round "05"]
[TimeControl "180+2"]
[Date "2023.05.16"]
[WhiteClock "0:00:25"]
[BlackClock "0:00:01"]

1. e4 d5 2. exd5 Qxd5 3. Nc3 Qa5 4. Nf3 Nf6 5. d4 c6 6. Bd2 Bf5 7. Bc4 e6 8. Qe2 Bb4 9. a3 Nbd7 10. O-O Bxc3 11. Bxc3 Qc7 12. b4 O-O 13. Bb3 Bg4 14. h3 Bh5 15. g4 Bg6 16. Ne5 Nxe5 17. dxe5 Nd5 18. Bd2 c5 19. f4 c4 20. Bxc4 Bxc2 21. Rac1 Qb6+ 22. Kh2 Ba4 23. f5 Rfd8 24. f6 g6 25. Qe1 Rd7 26. Bh6 Rad8 27. Rf3 Bb5 28. Bxd5 exd5 29. Qh4 Qe6 30. Re1 d4 31. Bg5 Qe8 32. e6 fxe6 33. f7+ Rxf7 34. Rxf7 Qxf7 35. Bxd8 d3 36. Qf6 Qd7 37. Be7 Qc7+ 38. Re5 Qc2+ 39. Kg3 1-0


[Site "https://www.chess.com"]

[Event "Titled Tuesday Blitz May 16 Late 2023"]
[White "MKlose11"]
[Black "Riehle, Marco"]
[BlackFideId "12904392"]
[WhiteElo "2675"]
[BlackElo "2462"]
[Result "0-1"]
[Round "05"]
[TimeControl "180+2"]
[Date "2023.05.16"]
[WhiteClock "0:00:10"]
[BlackClock "0:00:43"]

1. e4 e5 2. Nf3 Nf6 3. d4 Nxe4 4. Nxe5 d6 5. Nf3 d5 6. Nbd2 Bd6 7. Bd3 Bf5 8. O-O O-O 9. Re1 Re8 10. Nf1 Nd7 11. Ng3 Bg6 12. Be3 c6 13. Nd2 f5 14. Bxe4 dxe4 15. Ne2 Qc7 16. g3 Bh5 17. Nc4 Nf6 18. Nxd6 Qxd6 19. Bf4 Qd7 20. Qd2 Rad8 21. c3 h6 22. Qc2 Bf3 23. Kf1 g5 24. Be5 Ng4 25. Qb3+ Kh7 26. h3 Nxe5 27. dxe5 Rxe5 28. Rad1 Rd5 29. Rxd5 cxd5 30. Nd4 f4 31. g4 Bxg4 32. hxg4 Qxg4 33. Qxb7+ Rd7 34. Qc6 f3 35. Rd1 e3 36. Qe6 e2+ 37. Nxe2 Qxe6 0-1


[Site "https://www.chess.com"]

[Event "Titled Tuesday Blitz May 16 Late 2023"]
[White "Boyer, Mahel"]
[Black "Grinev, Valeriy"]
[WhiteFideId "45102422"]
[BlackFideId "14117517"]
[WhiteElo "2439"]
[BlackElo "2366"]
[Result "0-1"]
[Round "05"]
[TimeControl "180+2"]
[Date "2023.05.16"]
[WhiteClock "0:01:09"]
[BlackClock "0:01:23"]

1. Nf3 c5 2. g3 Nc6 3. Bg2 g6 4. O-O Bg7 5. e3 e5 6. d4 cxd4 7. exd4 exd4 8. Nbd2 Nge7 9. Nb3 Qb6 10. a4 a6 11. a5 Qa7 12. Re1 O-O 13. Bg5 Nf5 14. Qd2 d5 15. Qf4 h6 16. g4 hxg5 17. Nxg5 Nh6 18. h3 Qb8 19. Qd2 Qd6 20. Nc1 Bd7 21. Nd3 Rae8 22. Nf4 Qb4 23. Qd3 Rxe1+ 24. Rxe1 Qxe1+ 25. Bf1 Ne5 26. Qg3 Bb5 27. Nd3 Nxd3 28. cxd3 Re8 29. Nf3 Qd1 30. Qf4 Bxd3 31. Nd2 Bxf1 0-1


[Site "https://www.chess.com"]

[Event "Titled Tuesday Blitz May 16 Late 2023"]
[White "Naroditsky, Daniel"]
[Black "Timmermans, Mark"]
[WhiteFideId "2026961"]
[BlackFideId "1026399"]
[WhiteElo "2633"]
[BlackElo "2460"]
[Result "1-0"]
[Round "05"]
[TimeControl "180+2"]
[Date "2023.05.16"]
[WhiteClock "0:02:15"]
[BlackClock "0:01:26"]

1. e4 e5 2. Nf3 Nc6 3. Bb5 f5 4. d3 fxe4 5. dxe4 Nf6 6. O-O d6 7. Bc4 Na5 8. Qd3 Be7 9. Nc3 Nxc4 10. Qxc4 Qd7 11. Ng5 Rf8 12. f4 h6 13. Nf3 exf4 14. e5 d5 15. Qd3 Ne4 16. Nxd5 Bc5+ 17. Kh1 Nf2+ 18. Rxf2 Bxf2 19. e6 1-0


[Site "https://www.chess.com"]

[Event "Titled Tuesday Blitz May 16 Late 2023"]
[White "Bryakin, Mikhail"]
[Black "Sarana, Alexey"]
[WhiteFideId "4165314"]
[BlackFideId "24133795"]
[WhiteElo "2467"]
[BlackElo "2714"]
[Result "0-1"]
[Round "05"]
[TimeControl "180+2"]
[Date "2023.05.16"]
[WhiteClock "0:00:00"]
[BlackClock "0:00:36"]

1. Nf3 d5 2. e3 Nf6 3. c4 e6 4. b3 Bd6 5. Bb2 O-O 6. Nc3 Re8 7. Be2 a6 8. d4 b6 9. O-O Bb7 10. Ne5 Nbd7 11. f4 dxc4 12. bxc4 c5 13. Bf3 Qc7 14. Rc1 Rad8 15. Qe2 Nf8 16. Rfd1 Ng6 17. g3 Ne7 18. Qg2 Bxf3 19. Qxf3 Nf5 20. Ne2 h5 21. h3 cxd4 22. exd4 Ne7 23. g4 hxg4 24. hxg4 Ng6 25. Kf2 Bxe5 26. fxe5 Nh7 27. Rh1 f6 28. Qd3 Qf7 29. exf6 Nxf6 30. Rcf1 e5 31. d5 Nxd5+ 32. Kg1 Ndf4 33. Qe4 Rd2 34. Nxf4 exf4 35. Qb1 f3 36. Rh2 Rxh2 37. Kxh2 Qf4+ 38. Kh1 Re2 0-1


[Site "https://www.chess.com"]